[ AOE2 MATCH · #477641531 ]
UnrankedKhmer vs Japanese
[ REPLAY ANALYSIS · EXTRACTED FROM THE RECORDED GAME ]
Feudal
13:31
Castle
49:08
Imperial
—
| APM avg | 18.4 |
| APM peak | 54 |
| eAPM avg | 11.7 |
| Villagers / military | 130 / 41 |
Focus
⚔️ 29.2% · 🌾 70.8%
Ballista Elephant ×28 · Battering Ram ×6 · Archer ×4 · Scorpion ×3
Feudal
13:14
Castle
22:28
Imperial
—
| APM avg | 18.8 |
| APM peak | 54 |
| eAPM avg | 9.6 |
| Villagers / military | 131 / 39 |
Focus
⚔️ 20.7% · 🌾 79.3%
Spearman ×25 · Cavalry Archer ×10 · Samurai ×4
Feudal
14:00
Castle
28:19
Imperial
45:32
| APM avg | 24.6 |
| APM peak | 80 |
| eAPM avg | 14.1 |
| Villagers / military | 135 / 330 |
Focus
⚔️ 31.2% · 🌾 68.8%
Battle Elephant ×189 · Archer ×77 · Skirmisher ×55 · Battering Ram ×6 · Trebuchet (Packed) ×2 · Spearman ×1
Feudal
11:58
Castle
26:19
Imperial
—
| APM avg | 24.8 |
| APM peak | 62 |
| eAPM avg | 12.6 |
| Villagers / military | 84 / 15 |
Focus
⚔️ 24.8% · 🌾 75.2%
Camel Archer ×13 · Monk ×2
Feudal
12:52
Castle
26:11
Imperial
45:41
| APM avg | 39.2 |
| APM peak | 69 |
| eAPM avg | 15.3 |
| Villagers / military | 121 / 185 |
Focus
⚔️ 30.1% · 🌾 69.9%
Cavalry Archer ×156 · Scout Cavalry ×10 · Trebuchet (Packed) ×8 · Battering Ram ×6 · Skirmisher ×5
Feudal
14:02
Castle
19:09
Imperial
51:54
| APM avg | 29.7 |
| APM peak | 83 |
| eAPM avg | 19.7 |
| Villagers / military | 170 / 344 |
Focus
⚔️ 39.4% · 🌾 60.6%
Spearman ×158 · Knight ×63 · Militia ×43 · Battering Ram ×29 · Mangonel ×20 · Boyar ×14
Feudal
14:13
Castle
21:46
Imperial
45:13
| APM avg | 24.8 |
| APM peak | 44 |
| eAPM avg | 16.4 |
| Villagers / military | 148 / 257 |
Focus
⚔️ 29.3% · 🌾 70.7%
Skirmisher ×117 · Spearman ×86 · Archer ×29 · Battle Elephant ×13 · Mangonel ×6 · Trebuchet (Packed) ×6
Feudal
12:47
Castle
19:01
Imperial
—
| APM avg | 22.4 |
| APM peak | 63 |
| eAPM avg | 11.0 |
| Villagers / military | 114 / 88 |
Focus
⚔️ 33.8% · 🌾 66.2%
Spearman ×53 · Conquistador ×25 · Battering Ram ×6 · Mangonel ×3 · Militia ×1
Match map
Initial resources + every placement click. Lines = walls · curves = elevation contours. ◆ gold · ⬟ stone · ● berries · ✦ relic · ◌ wall gap
Your base· Open — 4t gap
GREATWHITE's base· Open — 5t gap
[GT] BurnInHell's base· Open — unwalled flank
APPM's base· Open — unwalled flank
[GT] Burok's base· Open — unwalled flank
Rsquared's base· Open — unwalled flank
kat_not_dog's base· Open — unwalled flank
PolloDeMercado's base· Open — 6t gap
Smoothed initial terrain · ◌ = detected wall gap · hover for details
Inputs per minute
— ºSS | ELwER - - GREATWHITE
Build order — ºSS | ELwER
First 150 of 317 actions detected
| 0:22 | Build | Town Center |
| 2:46 | Build | House |
| 2:59 | Create | Villager (Male) |
| 3:00 | Create | Villager (Male) |
| 3:00 | Create | Villager (Male) |
| 3:00 | Create | Villager (Male) |
| 3:01 | Create | Villager (Male) |
| 3:01 | Create | Villager (Male) |
| 3:01 | Create | Villager (Male) |
| 3:04 | Build | House |
| 4:35 | Create | Villager (Male) |
| 4:36 | Create | Villager (Male) |
| 5:03 | Create | Villager (Male) |
| 5:04 | Create | Villager (Male) |
| 5:25 | Create | Villager (Male) |
| 5:26 | Create | Villager (Male) |
| 5:53 | Build | Mill |
| 6:01 | Create | Villager (Male) |
| 6:01 | Create | Villager (Male) |
| 6:02 | Create | Villager (Male) |
| 6:44 | Create | Villager (Male) |
| 6:56 | Research | Loom |
| 8:05 | Create | Villager (Male) |
| 8:05 | Create | Villager (Male) |
| 8:21 | Create | Villager (Male) |
| 8:21 | Create | Villager (Male) |
| 8:38 | Create | Villager (Male) |
| 9:10 | Create | Villager (Male) |
| 9:11 | Create | Villager (Male) |
| 9:22 | Build | House |
| 9:40 | Create | Villager (Male) |
| 9:40 | Create | Villager (Male) |
| 9:40 | Create | Villager (Male) |
| 9:41 | Create | Villager (Male) |
| 9:46 | Build | Mining Camp |
| 10:36 | Build | Barracks |
| 11:21 | Research | Feudal Age |
| 11:21 | Research | Feudal Age |
| 11:47 | Build | Outpost |
| 12:00 | Build | Outpost |
| 12:13 | Build | Barracks |
| 12:54 | Build | Palisade Gate |
| 13:12 | Build | Outpost |
| 13:31 | Age | Feudal Age |
| 13:35 | Build | Watch Tower |
| 13:38 | Build | Watch Tower |
| 13:42 | Build | Watch Tower |
| 13:53 | Build | House |
| 13:55 | Build | House |
| 14:05 | Build | Blacksmith |
| 14:46 | Create | Villager (Male) |
| 14:47 | Create | Villager (Male) |
| 14:48 | Research | Fletching |
| 14:48 | Research | Fletching |
| 15:29 | Build | Farm |
| 15:31 | Build | Farm |
| 15:34 | Build | Farm |
| 15:36 | Build | Farm |
| 16:22 | Build | Farm |
| 16:36 | Build | Mining Camp |
| 16:53 | Build | Mining Camp |
| 17:04 | Create | Villager (Male) |
| 17:06 | Build | Barracks |
| 17:39 | Create | Villager (Male) |
| 18:40 | Create | Villager (Male) |
| 18:41 | Create | Villager (Male) |
| 18:59 | Build | Watch Tower |
| 21:55 | Create | Villager (Male) |
| 22:29 | Build | Market |
| 22:54 | Build | Watch Tower |
| 23:04 | Build | Watch Tower |
| 23:08 | Create | Villager (Male) |
| 23:09 | Create | Villager (Male) |
| 23:43 | Create | Villager (Male) |
| 23:44 | Create | Villager (Male) |
| 23:44 | Create | Villager (Male) |
| 24:34 | Build | Mill |
| 24:50 | Build | Farm |
| 25:33 | Create | Villager (Male) |
| 25:34 | Create | Villager (Male) |
| 26:55 | Build | Watch Tower |
| 27:39 | Build | Watch Tower |
| 28:04 | Build | Watch Tower |
| 29:09 | Build | Palisade Wall |
| 29:10 | Build | Palisade Wall |
| 29:11 | Build | Palisade Wall |
| 29:12 | Build | Palisade Wall |
| 29:23 | Build | Watch Tower |
| 30:25 | Build | Watch Tower |
| 31:23 | Create | Villager (Male) |
| 31:23 | Create | Villager (Male) |
| 31:23 | Create | Villager (Male) |
| 32:05 | Build | Outpost |
| 32:13 | Build | Watch Tower |
| 32:48 | Create | Villager (Male) |
| 32:49 | Create | Villager (Male) |
| 32:57 | Build | House |
| 32:59 | Build | House |
| 33:03 | Build | Palisade Gate |
| 33:05 | Build | House |
| 33:10 | Build | House |
| 33:32 | Build | Watch Tower |
| 33:39 | Build | Palisade Wall |
| 33:41 | Build | Palisade Wall |
| 33:41 | Build | Palisade Wall |
| 33:42 | Build | Palisade Wall |
| 33:43 | Build | Palisade Wall |
| 33:44 | Build | Palisade Wall |
| 33:45 | Build | Palisade Wall |
| 33:46 | Build | Palisade Wall |
| 34:15 | Build | Mining Camp |
| 34:17 | Create | Villager (Male) |
| 34:32 | Create | Villager (Male) |
| 34:51 | Create | Villager (Male) |
| 35:13 | Build | House |
| 35:24 | Create | Villager (Male) |
| 35:24 | Create | Villager (Male) |
| 36:13 | Create | Villager (Male) |
| 36:52 | Create | Villager (Male) |
| 36:54 | Create | Villager (Male) |
| 37:00 | Build | Barracks |
| 37:37 | Build | Stable |
| 37:49 | Build | House |
| 37:50 | Build | House |
| 37:52 | Build | House |
| 38:08 | Create | Villager (Male) |
| 38:27 | Build | Watch Tower |
| 38:35 | Build | Watch Tower |
| 40:30 | Build | Town Center |
| 41:35 | Build | Mill |
| 42:20 | Build | Lumber Camp |
| 42:25 | Create | Villager (Male) |
| 42:26 | Create | Villager (Male) |
| 42:26 | Create | Villager (Male) |
| 42:26 | Create | Villager (Male) |
| 42:26 | Create | Villager (Male) |
| 44:27 | Create | Villager (Male) |
| 44:27 | Create | Villager (Male) |
| 44:28 | Create | Villager (Male) |
| 44:30 | Create | Villager (Male) |
| 44:30 | Create | Villager (Male) |
| 44:31 | Create | Villager (Male) |
| 44:32 | Create | Villager (Male) |
| 44:32 | Create | Villager (Male) |
| 44:32 | Create | Villager (Male) |
| 44:32 | Create | Villager (Male) |
| 44:32 | Create | Villager (Male) |
| 44:33 | Create | Villager (Male) |
| 45:57 | Build | House |
| 45:58 | Build | House |
Build order — GREATWHITE
First 150 of 277 actions detected
| 0:22 | Build | Mill |
| 0:33 | Build | Mill |
| 0:51 | Build | Town Center |
| 3:36 | Create | Villager (Male) |
| 3:36 | Create | Villager (Male) |
| 3:56 | Create | Villager (Male) |
| 4:32 | Build | House |
| 4:50 | Build | House |
| 5:02 | Create | Villager (Male) |
| 5:03 | Build | House |
| 5:39 | Create | Villager (Male) |
| 6:17 | Create | Villager (Male) |
| 6:33 | Create | Villager (Male) |
| 6:44 | Build | House |
| 6:46 | Build | House |
| 6:48 | Create | Villager (Male) |
| 7:16 | Create | Villager (Male) |
| 7:34 | Create | Villager (Male) |
| 8:03 | Create | Villager (Male) |
| 8:05 | Build | Mill |
| 8:24 | Create | Villager (Male) |
| 9:04 | Create | Villager (Male) |
| 9:34 | Create | Villager (Male) |
| 10:07 | Create | Villager (Male) |
| 10:15 | Build | Lumber Camp |
| 10:17 | Create | Villager (Male) |
| 10:34 | Research | Loom |
| 11:04 | Research | Feudal Age |
| 11:19 | Build | House |
| 11:21 | Build | House |
| 12:11 | Build | Mining Camp |
| 12:46 | Build | Outpost |
| 13:14 | Age | Feudal Age |
| 13:19 | Create | Villager (Male) |
| 13:39 | Build | Outpost |
| 13:42 | Create | Villager (Male) |
| 13:53 | Build | Market |
| 14:07 | Build | Outpost |
| 14:09 | Create | Villager (Male) |
| 14:34 | Create | Villager (Male) |
| 14:41 | Build | Blacksmith |
| 14:49 | Build | Palisade Wall |
| 15:04 | Build | Outpost |
| 15:07 | Create | Villager (Male) |
| 15:24 | Build | Mill |
| 15:26 | Create | Villager (Male) |
| 15:36 | Build | Palisade Wall |
| 15:58 | Create | Villager (Male) |
| 16:07 | Build | Palisade Wall |
| 16:08 | Build | Palisade Wall |
| 16:14 | Build | Palisade Wall |
| 16:15 | Build | Palisade Wall |
| 16:32 | Create | Villager (Male) |
| 16:52 | Build | Mill |
| 17:01 | Create | Villager (Male) |
| 17:22 | Create | Villager (Male) |
| 17:40 | Create | Villager (Male) |
| 18:16 | Build | Watch Tower |
| 18:36 | Create | Villager (Male) |
| 19:40 | Build | Mining Camp |
| 19:48 | Research | Castle Age |
| 20:17 | Create | Villager (Male) |
| 20:50 | Build | House |
| 21:18 | Research | Fletching |
| 22:28 | Age | Castle Age |
| 22:50 | Create | Villager (Male) |
| 24:10 | Create | Villager (Male) |
| 24:29 | Create | Villager (Male) |
| 24:52 | Create | Villager (Male) |
| 25:16 | Create | Villager (Male) |
| 25:43 | Create | Villager (Male) |
| 26:05 | Create | Villager (Male) |
| 26:19 | Build | Castle |
| 27:00 | Create | Villager (Male) |
| 27:07 | Build | Castle |
| 27:50 | Create | Villager (Male) |
| 28:05 | Build | Siege Workshop |
| 28:08 | Build | Palisade Wall |
| 28:37 | Create | Villager (Male) |
| 29:48 | Create | Villager (Male) |
| 30:10 | Create | Villager (Male) |
| 30:42 | Create | Villager (Male) |
| 31:16 | Create | Villager (Male) |
| 32:20 | Build | Castle |
| 32:22 | Create | Villager (Male) |
| 32:45 | Create | Villager (Male) |
| 32:55 | Create | Villager (Male) |
| 33:40 | Build | House |
| 34:27 | Build | Town Center |
| 34:57 | Build | Siege Workshop |
| 35:44 | Create | Samurai |
| 35:45 | Create | Samurai |
| 36:57 | Create | Villager (Male) |
| 36:57 | Create | Villager (Male) |
| 37:13 | Create | Samurai |
| 37:14 | Create | Samurai |
| 38:07 | Build | Farm |
| 38:07 | Build | Farm |
| 38:08 | Build | Farm |
| 38:08 | Build | Farm |
| 38:08 | Build | Farm |
| 38:09 | Build | Farm |
| 39:39 | Build | House |
| 39:46 | Build | House |
| 40:03 | Create | Villager (Male) |
| 40:04 | Create | Villager (Male) |
| 40:18 | Build | House |
| 40:31 | Create | Villager (Male) |
| 40:48 | Build | House |
| 41:17 | Create | Villager (Male) |
| 41:25 | Create | Villager (Male) |
| 42:41 | Build | Mill |
| 42:46 | Create | Villager (Male) |
| 43:52 | Create | Villager (Male) |
| 43:57 | Create | Villager (Male) |
| 44:24 | Create | Villager (Male) |
| 44:44 | Create | Villager (Male) |
| 44:45 | Research | Double-Bit Axe |
| 44:55 | Build | Town Center |
| 45:17 | Create | Villager (Male) |
| 46:03 | Create | Villager (Male) |
| 46:03 | Create | Villager (Male) |
| 46:19 | Build | Mining Camp |
| 46:22 | Create | Villager (Male) |
| 46:23 | Create | Villager (Male) |
| 46:25 | Research | Bow Saw |
| 46:35 | Build | Barracks |
| 46:49 | Create | Villager (Male) |
| 46:49 | Create | Villager (Male) |
| 47:01 | Research | Gold Mining |
| 47:06 | Create | Villager (Male) |
| 47:32 | Create | Villager (Male) |
| 47:33 | Create | Villager (Male) |
| 47:46 | Build | Archery Range |
| 47:56 | Create | Villager (Male) |
| 48:02 | Create | Villager (Male) |
| 48:11 | Create | Villager (Male) |
| 48:12 | Create | Villager (Male) |
| 48:23 | Build | House |
| 48:42 | Create | Villager (Male) |
| 48:43 | Create | Villager (Male) |
| 48:51 | Create | Cavalry Archer |
| 48:53 | Create | Cavalry Archer |
| 49:08 | Create | Villager (Male) |
| 49:28 | Create | Villager (Male) |
| 49:28 | Create | Villager (Male) |
| 49:30 | Create | Villager (Male) |
| 49:42 | Create | Cavalry Archer |
| 50:11 | Build | Mining Camp |
| 50:15 | Build | Market |
Build order — [GT] BurnInHell
First 150 of 459 actions detected
| 0:27 | Build | Town Center |
| 2:13 | Build | House |
| 2:46 | Research | Loom |
| 2:47 | Create | Villager (Male) |
| 2:47 | Create | Villager (Male) |
| 2:48 | Create | Villager (Male) |
| 2:48 | Create | Villager (Male) |
| 4:37 | Create | Villager (Male) |
| 5:07 | Create | Villager (Male) |
| 5:39 | Create | Villager (Male) |
| 5:40 | Create | Villager (Male) |
| 5:40 | Create | Villager (Male) |
| 5:55 | Build | Mill |
| 6:13 | Create | Villager (Male) |
| 6:39 | Build | House |
| 6:46 | Create | Villager (Male) |
| 7:27 | Build | Mill |
| 7:53 | Create | Villager (Male) |
| 7:53 | Create | Villager (Male) |
| 8:04 | Build | House |
| 8:27 | Create | Villager (Male) |
| 9:02 | Create | Villager (Male) |
| 9:02 | Create | Villager (Male) |
| 9:32 | Create | Villager (Male) |
| 9:40 | Build | Lumber Camp |
| 9:46 | Create | Villager (Male) |
| 10:17 | Build | House |
| 10:20 | Create | Villager (Male) |
| 10:32 | Create | Villager (Male) |
| 10:55 | Create | Villager (Male) |
| 11:28 | Build | Mining Camp |
| 11:50 | Research | Feudal Age |
| 11:51 | Research | Feudal Age |
| 13:08 | Create | Villager (Male) |
| 13:19 | Build | Barracks |
| 14:00 | Age | Feudal Age |
| 14:09 | Research | Double-Bit Axe |
| 14:11 | Create | Villager (Male) |
| 14:15 | Build | Archery Range |
| 14:23 | Create | Spearman |
| 14:27 | Create | Villager (Male) |
| 14:42 | Build | Archery Range |
| 15:00 | Create | Archer |
| 15:00 | Create | Archer |
| 15:08 | Build | House |
| 15:10 | Create | Villager (Male) |
| 15:15 | Build | House |
| 15:27 | Research | Town Watch |
| 15:40 | Create | Archer |
| 15:41 | Create | Archer |
| 15:46 | Build | Blacksmith |
| 16:04 | Build | Farm |
| 16:05 | Build | Farm |
| 16:18 | Create | Villager (Male) |
| 16:35 | Create | Archer |
| 16:36 | Create | Archer |
| 17:04 | Create | Villager (Male) |
| 17:12 | Build | Farm |
| 17:14 | Build | Farm |
| 17:21 | Build | Farm |
| 17:23 | Create | Villager (Male) |
| 17:24 | Create | Archer |
| 17:24 | Create | Archer |
| 17:26 | Create | Archer |
| 17:41 | Build | House |
| 17:45 | Build | House |
| 17:57 | Create | Archer |
| 18:21 | Create | Archer |
| 18:22 | Create | Archer |
| 18:29 | Create | Villager (Male) |
| 18:33 | Research | Fletching |
| 18:33 | Research | Fletching |
| 19:08 | Create | Villager (Male) |
| 19:09 | Create | Villager (Male) |
| 19:12 | Create | Archer |
| 19:12 | Create | Archer |
| 19:43 | Create | Villager (Male) |
| 19:44 | Create | Villager (Male) |
| 19:53 | Create | Archer |
| 19:53 | Create | Archer |
| 20:02 | Build | House |
| 20:08 | Research | Wheelbarrow |
| 20:10 | Create | Villager (Male) |
| 20:12 | Create | Archer |
| 20:18 | Build | House |
| 21:12 | Create | Archer |
| 21:12 | Create | Archer |
| 21:13 | Create | Archer |
| 21:14 | Create | Villager (Male) |
| 21:15 | Create | Villager (Male) |
| 21:31 | Research | Padded Archer Armor |
| 21:48 | Create | Archer |
| 21:48 | Create | Archer |
| 21:55 | Research | Gold Mining |
| 21:56 | Create | Villager (Male) |
| 22:02 | Build | Farm |
| 22:03 | Build | Farm |
| 22:04 | Build | Farm |
| 22:07 | Build | Farm |
| 22:09 | Build | Farm |
| 22:10 | Build | Farm |
| 22:28 | Build | Archery Range |
| 23:04 | Create | Villager (Male) |
| 23:04 | Create | Villager (Male) |
| 23:32 | Create | Archer |
| 23:32 | Create | Archer |
| 23:33 | Create | Archer |
| 23:34 | Create | Archer |
| 23:34 | Create | Archer |
| 23:34 | Create | Archer |
| 23:36 | Create | Villager (Male) |
| 24:29 | Create | Villager (Male) |
| 24:41 | Create | Archer |
| 24:41 | Create | Archer |
| 24:42 | Create | Archer |
| 24:46 | Build | Farm |
| 24:47 | Build | Farm |
| 24:51 | Research | Horse Collar |
| 25:20 | Build | Market |
| 25:39 | Research | Castle Age |
| 26:02 | Research | Stone Mining |
| 26:12 | Create | Archer ×3 |
| 26:59 | Build | Farm |
| 27:01 | Build | Farm |
| 27:21 | Build | Farm |
| 28:05 | Create | Villager (Male) |
| 28:14 | Create | Archer |
| 28:14 | Create | Archer |
| 28:15 | Create | Archer |
| 28:19 | Age | Castle Age |
| 28:43 | Research | Crossbowman (upgrade) |
| 28:46 | Research | Bodkin Arrow |
| 28:48 | Research | Thumb Ring |
| 28:49 | Create | Archer |
| 28:51 | Create | Villager (Male) |
| 28:52 | Create | Villager (Male) |
| 28:55 | Build | Town Center |
| 29:27 | Create | Archer ×5 |
| 29:28 | Create | Archer ×3 |
| 29:30 | Create | Villager (Male) |
| 29:30 | Create | Villager (Male) |
| 29:31 | Create | Villager (Male) |
| 29:33 | Build | House |
| 29:34 | Build | House |
| 29:38 | Create | Villager (Male) |
| 29:41 | Build | Town Center |
| 29:50 | Create | Villager (Male) |
| 30:06 | Build | Siege Workshop |
| 30:24 | Create | Villager (Male) |
| 30:35 | Create | Villager (Male) |
Build order — APPM
First 150 of 172 actions detected
| 0:10 | Build | Town Center |
| 0:22 | Build | House |
| 0:27 | Build | Mill |
| 2:34 | Create | Villager (Male) |
| 2:34 | Create | Villager (Male) |
| 2:34 | Create | Villager (Male) |
| 2:35 | Create | Villager (Male) |
| 3:02 | Create | Villager (Male) |
| 3:48 | Create | Villager (Male) |
| 4:23 | Create | Villager (Male) |
| 4:24 | Create | Villager (Male) |
| 5:09 | Build | House |
| 5:39 | Create | Villager (Male) |
| 6:02 | Research | Loom |
| 6:13 | Create | Villager (Male) |
| 6:40 | Build | House |
| 6:50 | Create | Villager (Male) |
| 6:51 | Create | Villager (Male) |
| 7:24 | Create | Villager (Male) |
| 7:44 | Build | Lumber Camp |
| 7:49 | Create | Villager (Male) |
| 8:28 | Create | Villager (Male) |
| 8:29 | Research | Loom |
| 9:13 | Build | Mill |
| 9:23 | Create | Villager (Male) |
| 9:43 | Research | Feudal Age |
| 9:55 | Build | House |
| 10:15 | Build | Mining Camp |
| 10:31 | Build | Outpost |
| 10:38 | Create | Villager (Male) |
| 11:05 | Build | Outpost |
| 11:58 | Age | Feudal Age |
| 12:02 | Create | Villager (Male) |
| 12:05 | Build | Blacksmith |
| 12:19 | Build | Watch Tower |
| 12:24 | Create | Villager (Male) |
| 12:55 | Create | Villager (Male) |
| 13:11 | Build | Watch Tower |
| 13:19 | Create | Villager (Male) |
| 13:32 | Research | Fletching |
| 13:54 | Build | Watch Tower |
| 14:09 | Create | Villager (Male) |
| 14:09 | Create | Villager (Male) |
| 14:10 | Create | Villager (Male) |
| 14:36 | Build | House |
| 14:49 | Research | Town Watch |
| 15:28 | Create | Villager (Male) |
| 15:29 | Create | Villager (Male) |
| 16:34 | Create | Villager (Male) |
| 16:34 | Create | Villager (Male) |
| 16:43 | Build | Watch Tower |
| 17:05 | Build | House |
| 17:12 | Build | Palisade Wall |
| 17:31 | Build | Mill |
| 17:51 | Create | Villager (Male) |
| 17:51 | Create | Villager (Male) |
| 18:03 | Build | Watch Tower |
| 19:03 | Build | Watch Tower |
| 19:07 | Create | Villager (Male) |
| 19:10 | Create | Villager (Male) |
| 19:59 | Build | Watch Tower |
| 20:07 | Create | Villager (Male) |
| 20:08 | Create | Villager (Male) |
| 20:53 | Create | Villager (Male) |
| 21:00 | Build | Market |
| 21:45 | Create | Villager (Male) |
| 21:46 | Create | Villager (Male) |
| 23:39 | Research | Castle Age |
| 24:35 | Build | Watch Tower |
| 25:22 | Create | Villager (Male) |
| 26:00 | Create | Villager (Male) |
| 26:19 | Age | Castle Age |
| 26:43 | Create | Villager (Male) |
| 27:59 | Build | Watch Tower |
| 29:33 | Build | Mining Camp |
| 29:58 | Create | Villager (Male) |
| 30:20 | Research | Bodkin Arrow |
| 31:21 | Create | Villager (Male) |
| 32:47 | Build | Town Center |
| 33:12 | Build | House |
| 34:05 | Create | Villager (Male) |
| 34:42 | Create | Villager (Male) |
| 34:43 | Create | Villager (Male) |
| 34:43 | Create | Villager (Male) |
| 34:43 | Create | Villager (Male) |
| 34:57 | Create | Villager (Male) |
| 36:11 | Build | Mining Camp |
| 36:35 | Create | Villager (Male) |
| 37:01 | Create | Villager (Male) |
| 38:04 | Build | Castle |
| 40:13 | Build | Mining Camp |
| 40:35 | Build | Lumber Camp |
| 40:51 | Create | Villager (Male) |
| 40:51 | Create | Villager (Male) |
| 40:52 | Create | Villager (Male) |
| 40:52 | Create | Villager (Male) |
| 41:56 | Build | Town Center |
| 42:47 | Create | Camel Archer |
| 43:10 | Create | Camel Archer ×3 |
| 43:53 | Build | Market |
| 45:05 | Create | Camel Archer ×5 |
| 45:10 | Create | Villager (Male) |
| 45:11 | Create | Villager (Male) |
| 45:16 | Build | Farm |
| 45:17 | Build | Farm |
| 45:26 | Build | Farm |
| 45:32 | Build | Farm |
| 45:37 | Build | Farm |
| 45:56 | Create | Villager (Male) |
| 45:56 | Create | Villager (Male) |
| 45:59 | Build | Farm |
| 46:15 | Create | Villager (Male) |
| 46:15 | Create | Villager (Male) |
| 46:25 | Build | Farm |
| 46:34 | Create | Villager (Male) |
| 46:39 | Build | Blacksmith |
| 46:47 | Build | University |
| 46:53 | Create | Villager (Male) |
| 47:01 | Build | Farm |
| 47:02 | Build | Farm |
| 47:03 | Build | Farm |
| 47:05 | Create | Villager (Male) |
| 47:09 | Create | Camel Archer ×4 |
| 47:13 | Build | Farm |
| 47:27 | Build | Farm |
| 47:27 | Build | Farm |
| 47:28 | Build | Farm |
| 47:28 | Build | Farm |
| 47:34 | Build | Farm |
| 47:36 | Create | Villager (Male) |
| 47:38 | Create | Villager (Male) |
| 47:39 | Create | Villager (Male) |
| 47:40 | Create | Villager (Male) |
| 47:42 | Build | Farm |
| 47:43 | Build | Farm |
| 47:45 | Build | Farm |
| 47:54 | Build | Farm |
| 47:55 | Build | Farm |
| 47:56 | Create | Villager (Male) |
| 48:13 | Create | Villager (Male) |
| 48:16 | Build | Farm |
| 48:24 | Build | Farm |
| 48:25 | Build | Farm |
| 48:47 | Create | Villager (Male) |
| 48:51 | Create | Villager (Male) |
| 48:57 | Create | Villager (Male) |
| 48:57 | Create | Villager (Male) |
| 49:07 | Create | Villager (Male) |
| 49:07 | Create | Villager (Male) |
| 49:11 | Build | Mining Camp |
Build order — [GT] Burok
First 150 of 308 actions detected
| 0:57 | Build | Town Center |
| 2:07 | Build | House |
| 3:07 | Create | Villager (Male) ×4 |
| 3:08 | Create | Villager (Male) ×4 |
| 3:49 | Build | House |
| 4:18 | Build | House |
| 4:34 | Create | Villager (Male) |
| 4:46 | Create | Villager (Male) |
| 5:16 | Create | Villager (Male) |
| 5:56 | Create | Villager (Male) |
| 6:21 | Create | Villager (Male) |
| 6:46 | Create | Villager (Male) |
| 6:56 | Build | Lumber Camp |
| 7:03 | Build | House |
| 7:04 | Build | House |
| 7:22 | Create | Villager (Male) |
| 7:23 | Create | Villager (Male) |
| 8:12 | Create | Villager (Male) |
| 8:24 | Create | Villager (Male) |
| 8:45 | Build | Mill |
| 8:52 | Create | Villager (Male) |
| 9:17 | Create | Villager (Male) |
| 9:30 | Create | Villager (Male) |
| 9:50 | Create | Villager (Male) |
| 10:04 | Research | Loom |
| 10:38 | Research | Feudal Age |
| 11:32 | Create | Villager (Male) |
| 11:38 | Build | Barracks |
| 11:40 | Build | House |
| 12:45 | Create | Villager (Male) |
| 12:52 | Age | Feudal Age |
| 12:56 | Build | Stable |
| 13:00 | Research | Double-Bit Axe |
| 13:07 | Create | Villager (Male) |
| 13:36 | Build | House |
| 13:39 | Create | Scout Cavalry |
| 13:40 | Create | Scout Cavalry |
| 13:54 | Build | Stable |
| 13:58 | Create | Villager (Male) |
| 14:13 | Create | Scout Cavalry |
| 14:22 | Create | Villager (Male) |
| 14:44 | Create | Scout Cavalry |
| 14:45 | Create | Scout Cavalry |
| 14:45 | Create | Scout Cavalry |
| 14:50 | Build | Blacksmith |
| 14:51 | Create | Villager (Male) |
| 15:05 | Create | Villager (Male) |
| 15:21 | Build | House |
| 15:21 | Build | House |
| 15:28 | Research | Scale Barding Armor |
| 15:37 | Create | Villager (Male) |
| 15:42 | Build | Mining Camp |
| 16:16 | Build | House |
| 16:16 | Create | Villager (Male) |
| 16:17 | Create | Villager (Male) |
| 16:17 | Create | Villager (Male) |
| 16:26 | Create | Villager (Male) |
| 16:36 | Build | Market |
| 17:16 | Create | Scout Cavalry |
| 17:16 | Create | Scout Cavalry |
| 18:01 | Create | Villager (Male) |
| 18:10 | Create | Villager (Male) |
| 18:16 | Build | Archery Range |
| 18:17 | Build | House |
| 18:24 | Research | Bloodlines |
| 18:28 | Create | Villager (Male) |
| 18:32 | Build | Farm |
| 18:32 | Build | Farm |
| 18:32 | Build | Farm |
| 18:32 | Build | Farm |
| 18:42 | Build | Watch Tower |
| 18:53 | Create | Villager (Male) |
| 19:34 | Create | Villager (Male) |
| 19:43 | Build | Mining Camp |
| 19:46 | Create | Villager (Male) |
| 20:14 | Create | Scout Cavalry |
| 20:15 | Create | Scout Cavalry |
| 20:44 | Create | Villager (Male) |
| 20:44 | Create | Villager (Male) |
| 20:49 | Build | Farm |
| 20:50 | Build | Farm |
| 20:54 | Build | Farm |
| 20:55 | Build | Farm |
| 20:55 | Build | Farm |
| 20:55 | Build | Farm |
| 21:14 | Create | Skirmisher ×5 |
| 21:30 | Research | Fletching |
| 21:46 | Research | Wheelbarrow |
| 23:31 | Research | Castle Age |
| 23:31 | Research | Castle Age |
| 24:56 | Build | Archery Range |
| 24:56 | Build | Archery Range |
| 24:57 | Build | Archery Range |
| 24:58 | Build | Archery Range |
| 24:59 | Build | Archery Range |
| 25:02 | Research | Padded Archer Armor |
| 25:53 | Build | Archery Range |
| 26:11 | Age | Castle Age |
| 26:22 | Create | Cavalry Archer ×5 |
| 26:23 | Create | Cavalry Archer ×5 |
| 26:23 | Create | Cavalry Archer ×4 |
| 26:26 | Research | Bodkin Arrow |
| 26:27 | Create | Villager (Male) |
| 26:30 | Create | Villager (Male) |
| 26:43 | Create | Cavalry Archer |
| 26:43 | Create | Cavalry Archer |
| 26:48 | Research | Leather Archer Armor |
| 26:57 | Build | House |
| 26:58 | Build | House |
| 26:59 | Build | House |
| 27:48 | Build | Lumber Camp |
| 27:56 | Create | Villager (Male) |
| 28:01 | Create | Cavalry Archer ×3 |
| 28:54 | Create | Villager (Male) |
| 28:59 | Build | Siege Workshop |
| 29:05 | Build | Castle |
| 29:30 | Create | Villager (Male) |
| 29:34 | Research | Thumb Ring |
| 29:37 | Research | Husbandry |
| 29:55 | Create | Cavalry Archer ×3 |
| 30:11 | Create | Cavalry Archer ×2 |
| 30:13 | Create | Villager (Male) |
| 30:33 | Create | Villager (Male) |
| 30:43 | Build | Town Center |
| 30:47 | Create | Villager (Male) |
| 31:19 | Create | Villager (Male) |
| 31:45 | Build | University |
| 31:52 | Create | Villager (Male) |
| 31:54 | Create | Cavalry Archer ×4 |
| 32:13 | Create | Villager (Male) |
| 32:40 | Build | Farm |
| 32:51 | Build | Town Center |
| 32:54 | Create | Villager (Male) |
| 32:55 | Create | Villager (Male) |
| 32:55 | Create | Villager (Male) |
| 32:58 | Create | Villager (Male) |
| 33:17 | Create | Villager (Male) |
| 33:28 | Build | Town Center |
| 33:34 | Create | Battering Ram |
| 34:04 | Research | Ballistics |
| 34:09 | Create | Villager (Male) ×3 |
| 34:21 | Create | Battering Ram |
| 34:28 | Create | Battering Ram |
| 34:35 | Create | Villager (Male) |
| 35:02 | Create | Villager (Male) |
| 35:05 | Build | Farm |
| 35:05 | Build | Farm |
| 35:08 | Build | Farm |
| 35:08 | Build | Farm |
| 35:08 | Build | Farm |
Build order — Rsquared
First 150 of 593 actions detected
| 0:06 | Build | Town Center |
| 0:08 | Build | House |
| 2:22 | Create | Villager (Male) |
| 2:23 | Create | Villager (Male) |
| 2:23 | Create | Villager (Male) |
| 2:23 | Create | Villager (Male) |
| 2:23 | Create | Villager (Male) |
| 2:58 | Research | Loom |
| 3:31 | Create | Villager (Male) |
| 3:52 | Create | Villager (Male) |
| 4:08 | Build | House |
| 4:18 | Create | Villager (Male) |
| 4:59 | Create | Villager (Male) |
| 5:05 | Build | Lumber Camp |
| 5:24 | Create | Villager (Male) |
| 5:41 | Create | Villager (Male) |
| 6:16 | Create | Villager (Male) |
| 6:57 | Create | Villager (Male) |
| 7:15 | Build | House |
| 7:26 | Build | House |
| 7:30 | Create | Villager (Male) |
| 7:48 | Create | Villager (Male) |
| 8:14 | Create | Villager (Male) |
| 8:26 | Create | Villager (Male) |
| 9:06 | Create | Villager (Male) |
| 9:44 | Create | Villager (Male) |
| 9:54 | Create | Villager (Male) |
| 10:18 | Create | Villager (Male) |
| 11:01 | Create | Villager (Male) |
| 11:07 | Build | Mining Camp |
| 11:09 | Build | Mining Camp |
| 11:52 | Research | Feudal Age |
| 12:59 | Build | House |
| 13:09 | Build | Barracks |
| 13:36 | Build | House |
| 13:59 | Build | Mill |
| 14:02 | Age | Feudal Age |
| 14:08 | Build | Blacksmith |
| 14:17 | Create | Villager (Male) |
| 14:17 | Create | Villager (Male) |
| 14:27 | Create | Spearman |
| 14:28 | Create | Spearman |
| 14:37 | Build | Farm |
| 14:42 | Build | House |
| 15:01 | Create | Villager (Male) |
| 15:26 | Build | Market |
| 15:39 | Create | Villager (Male) |
| 15:51 | Create | Villager (Male) |
| 16:06 | Research | Castle Age |
| 16:11 | Research | Double-Bit Axe |
| 16:16 | Create | Spearman |
| 16:54 | Build | Mill |
| 16:59 | Create | Villager (Male) |
| 17:26 | Build | Stable |
| 18:28 | Build | Stable |
| 18:29 | Research | Bloodlines |
| 18:37 | Research | Scale Barding Armor |
| 19:09 | Age | Castle Age |
| 19:18 | Build | Castle |
| 19:25 | Build | Town Center |
| 19:34 | Create | Villager (Male) |
| 20:25 | Build | Monastery |
| 20:33 | Build | Farm |
| 20:33 | Build | Farm |
| 20:33 | Build | Farm |
| 20:33 | Build | Farm |
| 20:34 | Build | Farm |
| 20:50 | Create | Monk |
| 20:53 | Create | Monk |
| 20:59 | Build | Farm |
| 21:07 | Build | Farm |
| 21:20 | Create | Villager (Male) |
| 21:21 | Create | Villager (Male) |
| 21:21 | Create | Villager (Male) |
| 21:27 | Create | Villager (Male) |
| 21:47 | Create | Villager (Male) |
| 22:22 | Create | Villager (Male) |
| 22:22 | Create | Villager (Male) |
| 22:22 | Create | Villager (Male) |
| 22:35 | Build | Farm |
| 22:37 | Research | Horse Collar |
| 22:51 | Create | Villager (Male) |
| 23:17 | Create | Boyar |
| 23:27 | Build | Siege Workshop |
| 23:34 | Build | Siege Workshop |
| 24:05 | Build | Town Center |
| 24:10 | Create | Villager (Male) |
| 24:10 | Create | Villager (Male) |
| 24:10 | Create | Villager (Male) |
| 24:11 | Create | Villager (Male) |
| 24:29 | Create | Battering Ram |
| 24:35 | Create | Battering Ram |
| 24:36 | Create | Villager (Male) |
| 24:43 | Create | Villager (Male) |
| 24:58 | Create | Battering Ram |
| 25:01 | Create | Villager (Male) |
| 25:29 | Create | Battering Ram |
| 25:32 | Create | Villager (Male) |
| 25:32 | Create | Villager (Male) |
| 25:35 | Create | Villager (Male) |
| 25:35 | Create | Villager (Male) |
| 25:50 | Create | Battering Ram |
| 25:53 | Create | Knight |
| 25:58 | Create | Knight |
| 26:04 | Build | Farm |
| 26:04 | Build | Farm |
| 26:04 | Build | Farm |
| 26:05 | Build | Farm |
| 26:05 | Build | Farm |
| 26:05 | Build | Farm |
| 26:06 | Build | Farm |
| 26:06 | Build | Farm |
| 26:15 | Create | Villager (Male) |
| 26:19 | Build | Farm |
| 26:19 | Build | Farm |
| 26:19 | Build | Farm |
| 26:19 | Build | Farm |
| 26:20 | Build | Farm |
| 26:24 | Create | Knight |
| 26:42 | Create | Knight |
| 26:50 | Create | Villager (Male) |
| 27:30 | Research | Chain Barding Armor |
| 27:56 | Create | Knight |
| 27:56 | Create | Knight |
| 27:56 | Create | Knight |
| 27:56 | Create | Knight |
| 27:57 | Create | Knight |
| 28:08 | Create | Villager (Male) |
| 28:19 | Create | Knight |
| 28:34 | Create | Villager (Male) |
| 28:35 | Create | Villager (Male) |
| 28:35 | Create | Villager (Male) |
| 28:37 | Research | Town Watch |
| 28:46 | Build | Town Center |
| 29:05 | Research | Husbandry |
| 29:35 | Create | Knight |
| 29:35 | Create | Knight |
| 29:36 | Create | Knight |
| 29:36 | Create | Knight |
| 29:41 | Create | Battering Ram |
| 29:41 | Create | Battering Ram |
| 29:41 | Create | Battering Ram |
| 29:43 | Create | Villager (Male) |
| 29:43 | Create | Villager (Male) |
| 29:50 | Create | Villager (Male) |
| 29:50 | Create | Villager (Male) |
| 30:25 | Create | Knight |
| 30:25 | Create | Knight |
| 30:25 | Create | Knight |
| 30:31 | Build | Stable |
Build order — kat_not_dog
First 150 of 318 actions detected
| 1:09 | Build | Town Center |
| 3:41 | Create | Villager (Male) ×4 |
| 4:49 | Create | Villager (Male) |
| 5:01 | Build | House |
| 5:02 | Research | Loom |
| 5:06 | Build | House |
| 5:09 | Create | Villager (Male) |
| 5:30 | Create | Villager (Male) |
| 5:39 | Build | Lumber Camp |
| 5:57 | Create | Villager (Male) |
| 6:40 | Create | Villager (Male) |
| 6:58 | Create | Villager (Male) |
| 7:11 | Create | Villager (Male) |
| 8:01 | Create | Villager (Male) |
| 8:23 | Create | Villager (Male) |
| 8:54 | Build | House |
| 9:04 | Create | Villager (Male) |
| 9:47 | Create | Villager (Male) |
| 9:49 | Build | House |
| 10:13 | Create | Villager (Male) |
| 10:17 | Build | Barracks |
| 10:33 | Create | Villager (Male) |
| 10:54 | Create | Villager (Male) |
| 11:02 | Create | Villager (Male) |
| 11:51 | Build | Mill |
| 12:01 | Create | Villager (Male) |
| 12:03 | Research | Feudal Age |
| 12:53 | Create | Villager (Male) |
| 13:59 | Create | Villager (Male) |
| 14:13 | Age | Feudal Age |
| 14:26 | Create | Villager (Male) |
| 14:36 | Create | Villager (Male) |
| 14:38 | Build | Archery Range |
| 14:44 | Create | Villager (Male) |
| 15:11 | Build | Blacksmith |
| 15:20 | Build | Blacksmith |
| 15:26 | Build | House |
| 15:26 | Build | House |
| 15:37 | Create | Archer ×5 |
| 15:57 | Create | Villager (Male) |
| 16:06 | Create | Spearman |
| 16:06 | Create | Spearman |
| 16:53 | Research | Fletching |
| 17:04 | Create | Archer |
| 17:16 | Create | Villager (Male) |
| 17:16 | Create | Villager (Male) |
| 17:36 | Create | Archer |
| 17:43 | Create | Villager (Male) |
| 18:08 | Create | Archer |
| 18:08 | Create | Spearman |
| 19:02 | Create | Spearman |
| 19:06 | Research | Castle Age |
| 19:12 | Create | Spearman |
| 19:48 | Build | House |
| 20:23 | Create | Villager (Male) |
| 20:25 | Create | Archer |
| 20:48 | Research | Forging |
| 21:43 | Create | Villager (Male) |
| 21:46 | Age | Castle Age |
| 21:50 | Research | Crossbowman (upgrade) |
| 21:58 | Build | Siege Workshop |
| 22:08 | Create | Archer |
| 22:27 | Research | Thumb Ring |
| 22:57 | Build | Town Center |
| 23:10 | Create | Archer |
| 23:31 | Create | Archer |
| 23:35 | Create | Villager (Male) |
| 24:21 | Create | Archer |
| 24:40 | Create | Archer |
| 24:45 | Create | Villager (Male) ×3 |
| 24:47 | Build | Farm |
| 24:47 | Build | Farm |
| 24:47 | Build | Farm |
| 24:47 | Build | Farm |
| 25:32 | Create | Archer |
| 25:34 | Create | Villager (Male) |
| 25:40 | Create | Villager (Male) ×2 |
| 26:52 | Build | Farm |
| 26:52 | Build | Farm |
| 26:53 | Build | Farm |
| 26:53 | Build | Farm |
| 26:55 | Create | Villager (Male) ×5 |
| 26:58 | Build | Farm |
| 27:01 | Build | Farm |
| 27:02 | Build | Farm |
| 27:02 | Build | Farm |
| 27:12 | Create | Archer ×4 |
| 27:37 | Create | Mangonel |
| 27:40 | Create | Spearman |
| 27:40 | Create | Spearman |
| 28:48 | Create | Archer ×5 |
| 29:19 | Create | Villager (Male) ×5 |
| 30:14 | Create | Villager (Male) ×4 |
| 30:18 | Build | Farm |
| 30:30 | Build | Town Center |
| 30:39 | Research | Horse Collar |
| 30:43 | Create | Archer ×5 |
| 30:58 | Build | Farm |
| 31:00 | Create | Villager (Male) |
| 31:03 | Create | Villager (Male) |
| 31:09 | Build | Farm |
| 31:09 | Build | Farm |
| 31:11 | Build | Farm |
| 31:37 | Create | Skirmisher ×5 |
| 31:58 | Build | Castle |
| 32:12 | Create | Skirmisher ×4 |
| 32:16 | Create | Villager (Male) |
| 32:19 | Create | Villager (Male) |
| 32:34 | Research | Elite Skirmisher (upgrade) |
| 32:49 | Create | Villager (Male) ×2 |
| 33:06 | Create | Villager (Male) |
| 33:16 | Build | Mill |
| 33:25 | Create | Skirmisher |
| 34:05 | Build | Farm |
| 34:06 | Build | Farm |
| 34:06 | Build | Farm |
| 34:17 | Build | Castle |
| 34:26 | Create | Villager (Male) ×3 |
| 34:37 | Build | Farm |
| 34:37 | Build | Farm |
| 34:37 | Build | Farm |
| 34:52 | Create | Skirmisher ×3 |
| 34:54 | Create | Villager (Male) ×2 |
| 35:24 | Create | Villager (Male) ×2 |
| 35:27 | Build | Farm |
| 35:35 | Create | Skirmisher |
| 35:52 | Create | Villager (Male) ×3 |
| 36:17 | Build | Mill |
| 36:21 | Create | Villager (Male) |
| 36:22 | Create | Villager (Male) |
| 36:23 | Build | Mill |
| 36:43 | Create | Villager (Male) ×5 |
| 36:51 | Research | Heavy Plow |
| 36:58 | Research | Double-Bit Axe |
| 37:13 | Create | Villager (Male) |
| 37:14 | Create | Villager (Male) |
| 37:15 | Research | Wheelbarrow |
| 37:20 | Build | Farm |
| 37:25 | Build | Farm |
| 37:25 | Build | Farm |
| 37:25 | Build | Farm |
| 37:27 | Build | Farm |
| 37:28 | Build | Farm |
| 37:31 | Build | Farm |
| 37:39 | Create | Villager (Male) |
| 37:52 | Create | Villager (Male) |
| 37:59 | Build | Mill |
| 38:26 | Create | Villager (Male) |
| 38:27 | Create | Villager (Male) |
| 38:34 | Research | Hand Cart |
Build order — PolloDeMercado
First 150 of 323 actions detected
| 1:12 | Build | Town Center |
| 3:25 | Create | Villager (Male) |
| 3:25 | Create | Villager (Male) |
| 3:25 | Create | Villager (Male) |
| 3:26 | Create | Villager (Male) |
| 3:26 | Create | Villager (Male) |
| 3:26 | Create | Villager (Male) |
| 3:31 | Research | Loom |
| 3:54 | Build | House |
| 3:57 | Create | Villager (Male) |
| 3:57 | Create | Villager (Male) |
| 3:58 | Create | Villager (Male) |
| 4:44 | Create | Villager (Male) |
| 4:44 | Create | Villager (Male) |
| 5:13 | Create | Villager (Male) |
| 5:14 | Create | Villager (Male) |
| 5:36 | Create | Villager (Male) |
| 5:37 | Create | Villager (Male) |
| 5:51 | Create | Villager (Male) |
| 5:59 | Build | House |
| 6:04 | Build | Lumber Camp |
| 6:15 | Create | Villager (Male) |
| 7:03 | Create | Villager (Male) |
| 7:13 | Create | Villager (Male) |
| 7:14 | Create | Villager (Male) |
| 7:14 | Create | Villager (Male) |
| 7:57 | Build | House |
| 8:02 | Build | House |
| 8:13 | Create | Villager (Male) |
| 8:14 | Create | Villager (Male) |
| 8:40 | Create | Villager (Male) |
| 8:48 | Build | House |
| 8:56 | Build | House |
| 9:51 | Build | Mill |
| 10:03 | Create | Villager (Male) |
| 10:37 | Research | Feudal Age |
| 10:38 | Research | Feudal Age |
| 11:36 | Build | Mill |
| 12:47 | Age | Feudal Age |
| 12:52 | Create | Villager (Male) |
| 12:52 | Create | Villager (Male) |
| 12:52 | Create | Villager (Male) |
| 13:15 | Build | Blacksmith |
| 13:19 | Create | Villager (Male) |
| 13:30 | Create | Villager (Male) |
| 13:43 | Build | Market |
| 13:46 | Create | Villager (Male) |
| 14:29 | Create | Villager (Male) |
| 14:34 | Build | Mining Camp |
| 14:52 | Create | Villager (Male) |
| 14:56 | Research | Double-Bit Axe |
| 15:24 | Create | Villager (Male) |
| 15:26 | Create | Villager (Male) |
| 16:21 | Research | Castle Age |
| 16:29 | Research | Stone Mining |
| 19:01 | Age | Castle Age |
| 19:05 | Build | Castle |
| 19:10 | Create | Villager (Male) |
| 19:10 | Create | Villager (Male) |
| 19:26 | Build | Town Center |
| 19:43 | Build | Farm |
| 19:44 | Research | Horse Collar |
| 19:49 | Create | Villager (Male) |
| 20:06 | Create | Conquistador |
| 20:06 | Create | Conquistador |
| 20:12 | Build | Farm |
| 20:13 | Build | Farm |
| 20:14 | Build | Farm |
| 20:18 | Build | Farm |
| 20:19 | Build | Farm |
| 20:24 | Build | Farm |
| 20:26 | Build | Farm |
| 20:29 | Build | Farm |
| 20:42 | Create | Conquistador |
| 20:57 | Build | Farm |
| 20:59 | Build | Farm |
| 21:09 | Build | Farm |
| 21:14 | Create | Villager (Male) |
| 21:21 | Create | Villager (Male) |
| 21:22 | Create | Villager (Male) |
| 21:26 | Create | Conquistador |
| 21:46 | Create | Villager (Male) |
| 21:54 | Build | Farm |
| 21:58 | Create | Conquistador |
| 22:18 | Create | Villager (Male) |
| 22:23 | Build | Farm |
| 23:17 | Create | Villager (Male) |
| 23:18 | Create | Villager (Male) |
| 23:18 | Create | Villager (Male) |
| 23:19 | Create | Villager (Male) |
| 23:27 | Build | Mining Camp |
| 23:35 | Create | Villager (Male) |
| 23:37 | Create | Villager (Male) |
| 24:09 | Create | Villager (Male) |
| 24:09 | Create | Villager (Male) |
| 24:14 | Create | Conquistador |
| 24:42 | Build | Farm |
| 24:43 | Build | Farm |
| 24:45 | Build | Farm |
| 24:46 | Build | Farm |
| 24:50 | Create | Conquistador |
| 24:59 | Build | Castle |
| 25:21 | Create | Conquistador |
| 25:22 | Create | Villager (Male) |
| 25:23 | Create | Villager (Male) |
| 25:31 | Create | Villager (Male) |
| 25:44 | Build | Town Center |
| 25:53 | Create | Conquistador |
| 26:09 | Create | Conquistador |
| 26:18 | Build | Farm |
| 26:19 | Build | Farm |
| 26:22 | Research | Gold Mining |
| 26:50 | Create | Villager (Male) |
| 26:51 | Create | Villager (Male) |
| 26:51 | Create | Villager (Male) |
| 28:09 | Create | Villager (Male) |
| 28:10 | Create | Villager (Male) |
| 28:10 | Create | Villager (Male) |
| 28:11 | Create | Villager (Male) |
| 28:11 | Create | Villager (Male) |
| 28:44 | Create | Conquistador |
| 28:45 | Create | Conquistador |
| 29:40 | Research | Wheelbarrow |
| 30:02 | Create | Conquistador |
| 30:12 | Build | Farm |
| 30:15 | Create | Villager (Male) |
| 30:25 | Build | Mining Camp |
| 30:29 | Create | Conquistador |
| 30:31 | Create | Conquistador |
| 30:49 | Create | Conquistador |
| 30:50 | Create | Conquistador |
| 30:56 | Build | Barracks |
| 31:00 | Create | Conquistador |
| 31:01 | Create | Conquistador |
| 31:27 | Create | Villager (Male) |
| 31:27 | Create | Villager (Male) |
| 31:28 | Create | Villager (Male) |
| 31:34 | Build | Stable |
| 32:07 | Research | Scale Barding Armor |
| 33:04 | Build | Siege Workshop |
| 33:13 | Create | Conquistador |
| 33:13 | Create | Conquistador |
| 33:42 | Research | Pikeman (upgrade) |
| 33:42 | Research | Pikeman (upgrade) |
| 33:51 | Build | House |
| 33:51 | Build | House |
| 34:02 | Build | Barracks |
| 34:37 | Create | Spearman |
| 34:37 | Create | Spearman |
| 34:37 | Create | Spearman |
Match timeline
| 10:17 | kat_not_dog · first_building Barracks |
| 10:36 | ºSS | ELwER · first_building Barracks |
| 11:38 | [GT] Burok · first_building Barracks |
| 11:58 | APPM · age_up feudal |
| 12:47 | PolloDeMercado · age_up feudal |
| 12:52 | [GT] Burok · age_up feudal |
| 12:56 | [GT] Burok · first_building Stable |
| 13:09 | Rsquared · first_building Barracks |
| 13:14 | GREATWHITE · age_up feudal |
| 13:19 | [GT] BurnInHell · first_building Barracks |
| 13:31 | ºSS | ELwER · age_up feudal |
| 14:00 | [GT] BurnInHell · age_up feudal |
| 14:02 | Rsquared · age_up feudal |
| 14:13 | kat_not_dog · age_up feudal |
| 14:15 | [GT] BurnInHell · first_building Archery Range |
| 14:38 | kat_not_dog · first_building Archery Range |
| 14:49 | GREATWHITE · wall_segment Palisade Wall x1 |
| 15:36 | GREATWHITE · wall_segment Palisade Wall x9 |
| 15:42 | PolloDeMercado · first_market_sell 100 food |
| 16:07 | GREATWHITE · wall_segment Palisade Wall x1 |
| 16:08 | GREATWHITE · wall_segment Palisade Wall x1 |
| 16:14 | GREATWHITE · wall_segment Palisade Wall x1 |
| 16:15 | GREATWHITE · wall_segment Palisade Wall x1 |
| 17:12 | APPM · wall_segment Palisade Wall x1 |
| 17:26 | Rsquared · first_building Stable |
| 18:16 | [GT] Burok · first_building Archery Range |
| 19:01 | PolloDeMercado · age_up castle |
| 19:05 | PolloDeMercado · first_building Castle |
| 19:09 | Rsquared · age_up castle |
| 19:18 | Rsquared · first_building Castle |
| 20:25 | Rsquared · first_building Monastery |
| 21:04 | Rsquared · first_market_buy 100 food |
| 21:12 | GREATWHITE · first_market_sell 100 wood |
| 21:42 | [GT] Burok · first_market_buy 100 food |
| 21:46 | kat_not_dog · age_up castle |
| 21:58 | kat_not_dog · first_building Siege Workshop |
| 22:23 | APPM · first_market_sell 500 wood |
| 22:26 | APPM · first_market_buy 100 food |
| 22:28 | GREATWHITE · age_up castle |
| 23:17 | [GT] Burok · first_market_sell 500 wood |
| 23:27 | Rsquared · first_building Siege Workshop |
| 23:40 | ºSS | ELwER · first_market_buy 100 food |
| 24:53 | PolloDeMercado · first_market_buy 100 stone |
| 26:11 | [GT] Burok · age_up castle |
| 26:19 | APPM · age_up castle |
| 26:19 | GREATWHITE · first_building Castle |
| 28:05 | GREATWHITE · first_building Siege Workshop |
| 28:08 | GREATWHITE · wall_segment Palisade Wall x1 |
| 28:16 | Rsquared · first_market_sell 100 wood |
| 28:19 | [GT] BurnInHell · age_up castle |
| 28:59 | [GT] Burok · first_building Siege Workshop |
| 29:05 | [GT] Burok · first_building Castle |
| 29:09 | ºSS | ELwER · wall_segment Palisade Wall x1 |
| 29:10 | ºSS | ELwER · wall_segment Palisade Wall x1 |
| 29:11 | ºSS | ELwER · wall_segment Palisade Wall x1 |
| 29:12 | ºSS | ELwER · wall_segment Palisade Wall x1 |
| 30:06 | [GT] BurnInHell · first_building Siege Workshop |
| 30:56 | PolloDeMercado · first_building Barracks |
| 31:34 | PolloDeMercado · first_building Stable |
| 31:58 | kat_not_dog · first_building Castle |
| 33:04 | PolloDeMercado · first_building Siege Workshop |
| 33:39 | ºSS | ELwER · wall_segment Palisade Wall x1 |
| 33:41 | ºSS | ELwER · wall_segment Palisade Wall x1 |
| 33:41 | ºSS | ELwER · wall_segment Palisade Wall x1 |
| 33:42 | ºSS | ELwER · wall_segment Palisade Wall x1 |
| 33:43 | ºSS | ELwER · wall_segment Palisade Wall x1 |
| 33:44 | ºSS | ELwER · wall_segment Palisade Wall x1 |
| 33:45 | ºSS | ELwER · wall_segment Palisade Wall x1 |
| 33:46 | ºSS | ELwER · wall_segment Palisade Wall x1 |
| 37:37 | ºSS | ELwER · first_building Stable |
| 38:04 | APPM · first_building Castle |
| 40:16 | ºSS | ELwER · first_market_sell 100 stone |
| 42:34 | kat_not_dog · first_building Stable |
| 43:05 | [GT] BurnInHell · first_building Castle |
| 43:21 | [GT] BurnInHell · first_building Stable |
| 43:57 | kat_not_dog · tribute_sent a jugador 1 |
| 43:57 | kat_not_dog · tribute_sent a jugador 2 |
| 43:57 | kat_not_dog · tribute_sent a jugador 3 |
| 43:57 | kat_not_dog · tribute_sent a jugador 4 |
| 43:57 | kat_not_dog · tribute_sent a jugador 5 |
| 43:57 | kat_not_dog · tribute_sent a jugador 6 |
| 43:57 | kat_not_dog · tribute_sent a jugador 8 |
| 44:08 | kat_not_dog · tribute_sent a jugador 1 |
| 44:08 | kat_not_dog · tribute_sent a jugador 2 |
| 44:08 | kat_not_dog · tribute_sent a jugador 3 |
| 44:08 | kat_not_dog · tribute_sent a jugador 4 |
| 44:08 | kat_not_dog · tribute_sent a jugador 5 |
| 44:08 | kat_not_dog · tribute_sent a jugador 6 |
| 44:08 | kat_not_dog · tribute_sent a jugador 8 |
| 45:13 | kat_not_dog · age_up imperial |
| 45:32 | [GT] BurnInHell · age_up imperial |
| 45:41 | [GT] Burok · age_up imperial |
| 46:31 | kat_not_dog · tribute_sent a jugador 1 |
| 46:31 | kat_not_dog · tribute_sent a jugador 2 |
| 46:31 | kat_not_dog · tribute_sent a jugador 3 |
| 46:31 | kat_not_dog · tribute_sent a jugador 4 |
| 46:31 | kat_not_dog · tribute_sent a jugador 5 |
| 46:31 | kat_not_dog · tribute_sent a jugador 6 |
| 46:31 | kat_not_dog · tribute_sent a jugador 8 |
| 46:32 | Rsquared · tribute_sent a jugador 1 |
| 46:32 | Rsquared · tribute_sent a jugador 2 |
| 46:32 | Rsquared · tribute_sent a jugador 3 |
| 46:32 | Rsquared · tribute_sent a jugador 4 |
| 46:32 | Rsquared · tribute_sent a jugador 6 |
| 46:32 | Rsquared · tribute_sent a jugador 7 |
| 46:32 | Rsquared · tribute_sent a jugador 8 |
| 46:35 | GREATWHITE · first_building Barracks |
| 47:46 | GREATWHITE · first_building Archery Range |
| 49:08 | ºSS | ELwER · age_up castle |
| 49:17 | kat_not_dog · first_market_buy 100 stone |
| 49:59 | ºSS | ELwER · first_building Castle |
| 50:38 | ºSS | ELwER · first_building Archery Range |
| 51:34 | APPM · first_building Monastery |
| 51:41 | ºSS | ELwER · first_building Siege Workshop |
| 51:54 | Rsquared · age_up imperial |
| 51:58 | GREATWHITE · first_market_buy 100 stone |
| 53:13 | kat_not_dog · tribute_sent a jugador 1 |
| 53:13 | kat_not_dog · tribute_sent a jugador 2 |
| 53:13 | kat_not_dog · tribute_sent a jugador 3 |
| 53:13 | kat_not_dog · tribute_sent a jugador 4 |
| 53:13 | kat_not_dog · tribute_sent a jugador 5 |
| 53:13 | kat_not_dog · tribute_sent a jugador 6 |
| 53:13 | kat_not_dog · tribute_sent a jugador 8 |
| 57:00 | kat_not_dog · tribute_sent a jugador 1 |
| 57:00 | kat_not_dog · tribute_sent a jugador 2 |
| 57:00 | kat_not_dog · tribute_sent a jugador 3 |
| 57:00 | kat_not_dog · tribute_sent a jugador 4 |
| 57:00 | kat_not_dog · tribute_sent a jugador 5 |
| 57:00 | kat_not_dog · tribute_sent a jugador 6 |
| 57:00 | kat_not_dog · tribute_sent a jugador 8 |
| 57:52 | APPM · wall_segment Palisade Wall x1 |
| 57:55 | APPM · wall_segment Palisade Wall x1 |
| 58:47 | [GT] Burok · tribute_sent a jugador 1 |
| 58:47 | [GT] Burok · tribute_sent a jugador 2 |
| 58:47 | [GT] Burok · tribute_sent a jugador 3 |
| 58:47 | [GT] Burok · tribute_sent a jugador 5 |
| 58:47 | [GT] Burok · tribute_sent a jugador 6 |
| 58:47 | [GT] Burok · tribute_sent a jugador 7 |
| 58:47 | [GT] Burok · tribute_sent a jugador 8 |
| 60:53 | kat_not_dog · first_market_sell 500 wood |
| 62:25 | kat_not_dog · resign |
[ AI ANALYSIS · 1 CREDIT ]
What really happened in this match?
Wolo.gg analyzes every decision: build order, eco, micro, common mistakes by bracket. Personalized analysis on WhatsApp or Discord in 30 seconds.
Civ guide
Khmer
Perfil
Jugador #6794494